 Dungeon Crawl Stone Soup version 0.23.2 (webtiles) character file.

Game seed: 16244020372547028942

158 Leeroy the Conjurer (level 5, 0/38 HPs)
             Began as a Draconian Conjurer on Apr 13, 2019.
             Was an Initiate of Vehumet.
             Slain by an iguana (8 damage)
             ... on level 4 of the Dungeon.
             The game lasted 00:07:57 (2647 turns).

Leeroy the Conjurer (Draconian Conjurer)            Turns: 2647, Time: 00:07:58

Health: 0/38       AC:  8    Str: 11    XL:     5   Next: 16%
Magic:  1/8        EV: 12    Int: 16    God:    Vehumet [......]
Gold:   93         SH:  0    Dex: 11    Spells: 2/8 levels left

rFire    . . .     SeeInvis .   y - +0 flail
rCold    . . .     Gourm    .   (no shield)
rNeg     . . .     Faith    .   (armour unavailable)
rPois    .         Spirit   .   (helmet restricted)
rElec    .         Reflect  .   u - +1 cloak
rCorr    .         Harm     .   D - +0 pair of gloves
MR       .....                  (no boots)
Stlth    ++........             (no amulet)
HPRegen  0.12/turn              (no ring)
MPRegen  0.11/turn              (no ring)

@: lethally poisoned (0 -> -4)
A: unfitting armour, cold-blooded, AC +5
a: Renounce Religion


You were on level 4 of the Dungeon.
You worshipped Vehumet.
Vehumet was noncommittal.
You were not hungry.

You visited 2 branches of the dungeon, and saw 5 of its levels.

You collected 93 gold pieces.

Inventory:

Hand Weapons
 d - a +0 dagger
 h - a +0 club
 l - a +0 spear
 v - a +0 hunting sling
 y - a +0 flail (weapon)
 A - a +0 short sword
Missiles
 g - 133 stones
 m - 22 sling bullets
 p - 2 tomahawks
 t - 6 javelins (quivered)
 E - 10 arrows
Armour
 a - a +0 large shield
 j - a +0 pair of gloves
 u - a +1 cloak (worn)
 D - a +0 pair of gloves (worn)
Jewellery
 n - a +3 ring of intelligence {unknown}
 z - an uncursed ring of see invisible {unknown}
Scrolls
 c - a scroll of immolation
 f - 2 scrolls of identify {unknown}
 k - 3 scrolls of magic mapping {unknown}
 o - 2 scrolls of remove curse
 r - a scroll of noise {unknown}
 x - a scroll of teleportation {unknown}
 C - a scroll of amnesia {unknown}
Potions
 e - a potion of degeneration {unknown}
 i - a potion of invisibility
 q - a potion of brilliance {unknown}
 s - a potion of curing {unknown}
 w - a potion of ambrosia {unknown}
 B - a potion of magic {unknown}
 F - 2 potions of heal wounds
Comestibles
 b - 5 rations


   Skills:
 - Level 1.2 Short Blades
 + Level 2.2 Dodging
 - Level 1.7 Stealth
 - Level 2.0 Spellcasting
 - Level 6.1 Conjurations


You had 2 spell levels left.
You knew the following spells:

 Your Spells              Type           Power        Failure   Level  Hunger
a - Magic Dart            Conj           ###.         1%          1    #......
b - Searing Ray           Conj           ###...       2%          2    ###....
c - Dazzling Spray        Conj/Hex       ##....       19%         3    ###....

Your spell library contained the following spells:

 Spells                   Type           Power        Failure   Level  Hunger
 Iskenderun's Mystic Bla  Conj           ###.....     17%         4    #####..
 Force Lance              Conj/Tloc      ##......     52%         4    #####..
 Fulminant Prism          Conj/Hex       ##........   52%         4    #####..


Dungeon Overview and Level Annotations

Branches:
Dungeon (4/15)             Temple (1/1) D:4

Altars:
Ashenzari
Cheibriados
Dithmenos
Elyvilon
Gozag
Makhleb
Nemelex Xobeh
Qazlal
Uskayaw
Vehumet
Wu Jian
Xom
Yredelemnul
The Shining One

Annotations:
D:3 Sigmund


Innate Abilities, Weirdness & Mutations

Your plain brown scales are hard. (AC +5)
You cannot fit into any form of body armour.
You are cold-blooded and may be slowed by cold attacks.


Message History

Vehumet accepts your kill.
Your Dodging skill increases to level 2!
You have reached level 5!
Casting: Magic Dart (safe; 1% risk of failure)
Confirm with . or Enter, or press ? or * to list all spells.
Aiming: Searing Ray (safe; 2% risk of failure)
Press: ? - help, Shift-Dir - straight line, f - iguana
Aim: an iguana The searing ray hits the iguana but does no damage. (Press . to maintain the ray.)
You feel sick.
The iguana bites you but does no damage.
The searing ray hits the iguana.
The iguana is moderately wounded.
The iguana bites you!
* * * LOW HITPOINT WARNING * * *
The searing ray hits the iguana.
The iguana is heavily wounded.
You feel sick. The iguana bites you!
You die...

...#..####..
..##.........#
..............########
#.#.#.#.#.#.#.........
.........#....########
#.#...#.#.#..........##
.......#....########..##
#.....#.#...# #....#
......l@....# #####.....
......#.................
.........#########.....#
#.#.#....# ##....#
.#.....### #....#
#.#.... ###### .....##
....


You could see an iguana.

Vanquished Creatures
  2 worker ants (D:4)
  Robin (D:3)
  3 adders
  A shadow imp (D:4)
  2 leopard geckos
  3 orcs (D:3)
  2 giant cockroaches
  13 goblins
  7 hobgoblins
  2 jackals (D:3)
  9 kobolds
  2 quokkas (D:3)
  5 bats
  4 frilled lizards
  2 rats (D:2)
58 creatures vanquished.

Notes
Turn   | Place    | Note
-------+----------+-------------------------------------------
     0 | D:1      | Leeroy the Draconian Conjurer began the quest for the Orb.
     0 | D:1      | Reached XP level 1. HP: 14/14 MP: 3/3
   838 | D:2      | Reached XP level 2. HP: 20/20 MP: 1/5
   845 | D:2      | Learned a level 2 spell: Searing Ray
   872 | D:2      | Found an opulent altar of Gozag.
  1127 | D:2      | Reached skill level 5 in Conjurations
  1127 | D:2      | Reached XP level 3. HP: 16/26 MP: 1/6
  1569 | D:2      | Learned a level 3 spell: Dazzling Spray
  1630 | D:3      | Noticed Robin
  1633 | D:3      | Killed Robin
  1707 | D:3      | Reached XP level 4. HP: 19/33 MP: 1/7
  1763 | D:3      | Noticed Sigmund
  2094 | D:4      | Reached skill level 1 in Short Blades
  2331 | D:4      | Reached skill level 6 in Conjurations
  2424 | D:4      | Found a staircase to the Ecumenical Temple.
  2430 | Temple   | Entered the Ecumenical Temple
  2563 | Temple   | Became a worshipper of Vehumet
  2585 | D:4      | Found a stormy altar of Qazlal.
  2644 | D:4      | Reached XP level 5. HP: 17/38 MP: 5/8
  2647 | D:4      | Slain by an iguana

Skill      XL: |  1  2  3  4 |
---------------+-------------+-----
Conjurations   | 5 6 |  6.1
Short Blades   | 1 |  1.2
Dodging        | 2 |  2.2
Stealth        | |  1.7
Spellcasting   | |  2.0

Action                   |  1- 3 |  4- 6 || total
-------------------------+-------+-------++-------
Melee: Unarmed           |    12 |       ||    12
       Dagger            |    54 |    18 ||    72
       Flail             |       |    66 ||    66
       Tailslap          |       |     6 ||     6
 Cast: Magic Dart        |    24 |     7 ||    31
       Searing Ray       |     9 |     6 ||    15
  Use: Potion            |     2 |       ||     2
       Scroll            |     2 |       ||     2
 Stab: Invisible         |     2 |       ||     2
       Sleeping          |       |     2 ||     2
  Eat: Chunk             |     3 |     2 ||     5
       Ration            |       |     1 ||     1
Armor: Skin              |    26 |    41 ||    67
Dodge: Dodged            |    65 |    71 ||   136
